 Dungeon Crawl Stone Soup version 0.27.1-1-g398f81649c (webtiles) character file.

Game seed: 3395290954549373118

139 aster the Distorting Demonspawn (level 5, -10/42 HPs)
             Began as a Demonspawn Abyssal Knight on Sept 9, 2021.
             Was a Believer of Lugonu.
             Killed by nerve-wracking pain
             ... invoked by an orc priest
              (13 damage)
             ... on level 4 of the Dungeon.
             The game lasted 00:12:09 (3569 turns).

aster the Distorting Demonspawn (DsAK)              Turns: 3569, Time: 00:12:10

Health: -10/42     AC: 10    Str: 13    XL:     5   Next: 1%
Magic:  7/7        EV: 14    Int: 18    God:    Lugonu [**....]
Gold:   198        SH:  5    Dex: 12    Spells: 4/4 levels left

rFire    . . .     SeeInvis .   f - +1 flail
rCold    . . .     Faith    .   (no shield)
rNeg     . . .     Spirit   .   h - +4 ring mail {rPois}
rPois    +         Reflect  +   (no helmet)
rElec    .         Harm     .   g - +0 cloak
rCorr    .         Rampage  .   (no gloves)
Will     .....                  (no boots)
Stlth    +.........             c - amulet of reflection
HPRegen  0.14/turn              d - ring "Zaqyan" {Contam EV+4 Int+2 Slay+2}
MPRegen  0.10/turn              (no ring)

@: no status effects
A: hooves 1, big brain 1
a: Renounce Religion, Depart the Abyss, Bend Space


You were on level 4 of the Dungeon.
You worshipped Lugonu.
Lugonu was pleased with you.
You visited 1 branch of the dungeon, and saw 4 of its levels.
You visited the Abyss 1 time.

You collected 198 gold pieces.

Inventory:

Hand Weapons
 a - a +1 mace
 f - a +1 flail (weapon)
Missiles
 e - 8 atropa-tipped darts
 q - 17 poisoned darts (quivered)
Armour
 b - a +0 leather armour
 g - a +0 cloak (worn)
 h - a +4 ring mail of poison resistance (worn)
 k - a +0 ring mail
Jewellery
 c - an amulet of reflection (around neck)
 d - the ring "Zaqyan" (left hand) {Contam EV+4 Int+2 Slay+2}
   (You acquired it on level 2 of the Dungeon)

   [ring of evasion]

   EV:        It affects your evasion (+4).
   Int:       It affects your intelligence (+2).
   Slay:      It affects your accuracy & damage with ranged weapons and melee
   (+2).
   Contam:    It causes magical contamination when unequipped.
Scrolls
 j - a scroll of teleportation
Potions
 i - 2 potions of brilliance
 m - a potion of mutation {unknown}
 o - a potion of magic {unknown}


   Skills:
 + Level 3.8 Fighting
 * Level 3.6 Maces & Flails
 - Level 1.7 Armour
 - Level 0.8 Dodging
 + Level 3.9 Invocations


You had 4 spell levels left.
You didn't know any spells.
Your spell library was empty.

Dungeon Overview and Level Annotations

Branches:
Dungeon (4/15)
 Temple: D:4-7

Altars:

Shops:
D:1 (


Innate Abilities, Weirdness & Mutations

You have large cloven feet.
You have an unusually large brain. (Int +2)


Message History

The orc shouts!
The orc wizard gestures wildly while chanting.
The orc wizard flickers and vanishes!
Deactivating autopickup; reactivate with Ctrl-A.
You see here a +0 robe.
The endoplasm barely misses you.
The orc priest hits you from afar with a +2 trident of flaming.
The orc priest burns you.
The orc priest hits you from afar with a +2 trident of flaming.
The orc priest burns you.
You hit the endoplasm. You kick the endoplasm.
You kill the endoplasm!
Lugonu accepts your kill.
The orc priest hits you from afar with a +2 trident of flaming.
The orc priest burns you.
You hit the orc warrior but do no damage.
The orc warrior barely misses you. The orc priest barely misses you.
Okay, then.
Space bends around you!
You blink.
The orc priest invokes the aid of Beogh against you.
Beogh smites you!
* * * LOW HITPOINT WARNING * * *
The dart slug launches a dart at you. The slug dart misses you.
The dart slug launches a dart at you. The slug dart misses you.
You see here a +0 ring mail.
A magic dart appears from out of thin air!
The magic dart hits you.
* * * LOW HITPOINT WARNING * * *
The orc priest looks satisfied for a moment.
The dart slug bites you but does no damage.
An orc wizard appears from thin air!
Reactivating autopickup.
The orc wizard gestures wildly while chanting.
The orc wizard flickers and vanishes!
Deactivating autopickup; reactivate with Ctrl-A.
The orc priest calls down the wrath of Beogh upon you.
Pain shoots through your body!
You die...

... ...............# ...
...............#
.....?.........#.
.#...##......... ##..
#......#w.. # #.
##.....##..## #
####...#.##...## ##
##.#.....# .......##.##
......w@.## #.........##
..#.###.!.###...>.......
#........#..#.......##
#........o...........#
##...#..[o.......#...#
.....###...#o.....#..##
.# #$. .....
####.........### . ...
...... #............ )
.... ......
##...........


You could see an orc warrior, an orc priest, a dart slug and an orc.

Vanquished Creatures
  An iguana (D:4)
  3 adders
  A worm (D:4)
  3 dart slugs
  An orc (D:3)
  3 endoplasms
  5 giant cockroaches
  6 goblins
  12 hobgoblins
  A quokka (D:2)
  9 ball pythons
  10 bats
  2 frilled lizards
  7 kobolds
  9 rats
73 creatures vanquished.

Notes
Turn   | Place    | Note
-------+----------+-------------------------------------------
     0 | Abyss:1  | aster the Demonspawn Abyssal Knight began the quest for the
                  | Orb.
     0 | Abyss:1  | Reached XP level 1. HP: 18/18 MP: 2/2
    36 | Abyss:3  | Noticed an ancient zyme
    91 | Abyss:3  | Noticed a wretched star
    93 | D:1      | Escaped the Abyss
   256 | D:1      | Gained mutation: You have an unusually large brain. (Int
                  | +2) [demonic ancestry]
   256 | D:1      | Reached XP level 2. HP: 24/24 MP: 4/4
   667 | D:1      | Reached * piety under Lugonu
   818 | D:1      | Found Mipebbo's Weapon Emporium.
   853 | D:1      | Reached XP level 3. HP: 28/29 MP: 5/5
  1711 | D:2      | Found a faded altar of an unknown god.
  2034 | D:2      | Gained mutation: You have large cloven feet. [demonic
                  | ancestry]
  2034 | D:2      | Reached XP level 4. HP: 27/35 MP: 6/6
  2389 | D:2      | Identified a scroll of acquirement
  2389 | D:2      | Acquired the ring "Zaqyan" {Contam EV+4 Int+2 Slay+2}
  2587 | D:3      | Reached ** piety under Lugonu
  3199 | D:4      | Noticed a phantom
  3317 | D:4      | Noticed a phantom
  3429 | D:4      | Reached XP level 5. HP: 39/42 MP: 7/7
  3537 | D:4      | Noticed an orc warrior
  3566 | D:4      | HP: 2/42 [something/magic dart (2)]
  3569 | D:4      | Killed from afar by an orc priest

Illustrated notes

Levels and vault maps discovered:
D:1:      nicolae_arrival_washed_ashore, layout_loops_corners, serial_shops,
          shop
D:2:      minmay_spotlight, layout_basic, shapermc_ecumenical_altar_acropolis
D:3:      layout_basic
D:4:      layout_cave_pools

Skill      XL: |  1  2  3 |
---------------+----------+-----
Maces & Flails | 2 3 |  3.6
Invocations    | 3 |  3.9
Fighting       | |  3.8
Armour         | |  1.7
Dodging        | |  0.8

Action                   |  1- 3 |  4- 6 || total
-------------------------+-------+-------++-------
Melee: Mace              |   133 |    46 ||   179
       Flail             |       |    22 ||    22
       Kick              |       |    16 ||    16
Invok: Depart the Abyss  |     1 |       ||     1
       Bend Space        |       |     2 ||     2
  Use: Scroll            |       |     6 ||     6
 Stab: Sleeping          |     1 |       ||     1
Armor: Leather armour    |    27 |       ||    27
       Ring mail         |    14 |    20 ||    34
Dodge: Dodged            |    75 |    37 ||   112
Block: Other             |    37 |    20 ||    57
       Reflection        |     3 |     3 ||     6
